 Dungeon Crawl Stone Soup version 0.31-a0-187-gba352fbbf7 (webtiles) character file.

Game seed: 7263393875901165240

321 qw the Skirmisher (level 6, -2/36 HPs)
             Began as a Deep Elf Hunter on June 22, 2023.
             Slain by an orc
             ... wielding a +0 trident
              (4 damage)
             ... on level 4 of the Dungeon.
             The game lasted 00:01:12 (2649 turns).

qw the Skirmisher (Deep Elf Hunter)                 Turns: 2649, Time: 00:01:13

Health: -2/36      AC:  7    Str: 10    XL:     6   Next: 22%
Magic:  8/8        EV: 11    Int: 14    God:
Gold:   17         SH:  0    Dex: 18    Spells: 5/5 levels left

rFire   . . .        Y - +1 shortbow
rCold   . . .        (shield currently unavailable)
rNeg    . . .        b - +0 ring mail
rPois   .            (no helmet)
rElec   .            g - +0 cloak
rCorr   .            (no gloves)
SInv    .            f - +0 pair of boots
Will    .....        (no amulet)
Stlth   +            (no ring)
HPRegen 0.26/turn    (no ring)
MPRegen 0.11/turn

%: no passive effects
@: no status effects
A: no striking features
a: no special abilities


You were on level 4 of the Dungeon.
You visited 2 branches of the dungeon, and saw 5 of its levels.

You collected 161 gold pieces.
You spent 144 gold pieces at shops.


   Skills:
 - Level 2.3 Fighting
 + Level 9.0 Ranged Weapons
 - Level 1.5 Armour
 - Level 2.5 Dodging
 - Level 1.2 Stealth


You had 5 spell levels left.
You didn't know any spells.
Your spell library was empty.

Inventory:

Hand Weapons
 Y - a +1 shortbow (weapon)
Armour
 b - a +0 ring mail (worn)
 f - a +0 pair of boots (worn)
 g - a +0 cloak (worn)
Scrolls
 a - a scroll of identify
Potions
 d - a potion of curing
 j - a potion of resistance
 n - a potion of cancellation

Dungeon Overview and Level Annotations

Branches:
Dungeon (4/15)             Temple (1/1) D:4

Altars:
Ashenzari
Dithmenos
Elyvilon
Fedhas
Hepliaklqana
Kikubaaqudgha
Makhleb
Nemelex Xobeh
Qazlal
Ru
Trog
Uskayaw
Wu Jian
Yredelemnul
Zin
The Shining One

Shops:
D:4 **


Message History

Enter note:
Enter note:
Enter note:
Enter note:
Enter note:
Enter note:
Enter note:
Enter note: You shoot an arrow.
The arrow hits the phantom!
You destroy the phantom!
Your Armour skill increases to level 1!
You have reached level 6!
You shoot an arrow. The arrow hits the orc.
The orc is severely wounded.
You shoot an arrow.
The arrow hits the orc but does no damage.
The orc is severely wounded.
The orc hits you from afar with a +0 trident.
You shoot an arrow. The arrow barely misses the orc.
The orc closely misses you.
You shoot an arrow.
The arrow hits the orc but does no damage.
The orc is severely wounded.
The orc hits you from afar with a +0 trident.
You shoot an arrow. The arrow hits the jelly.
The jelly is moderately wounded.
The jelly hits you but does no damage. The orc barely misses you.
The orc hits you from afar with a +0 trident.
The jelly misses you.
You shoot an arrow. The arrow hits the jelly!
The jelly is almost dead.
The jelly barely misses you. The orc hits you but does no damage.
You shoot an arrow. The arrow barely misses the jelly.
The jelly hits you but does no damage. The orc barely misses you.
You shoot an arrow. The arrow hits the jelly.
The jelly is almost dead.
The jelly hits you.
You are splashed with acid!
The orc barely misses you.
You shoot an arrow. The arrow hits the jelly!
You kill the jelly!
The orc hits you from afar with a +0 trident.
You die...

.#.#.#)#.#.#...#.########
#.#.#.#.#.#.#....#
.#.#.#$#J#.#..(..#
#.#.#.#.#.#.:..>.#
.#.#.#.#.#........#
#.#.#.#.#.........#
.#.#.#.#..o.......#
.#.#.#...........#
..#.#:.@.........#
.?.#.............#
.................#
.................#
.....#.###########
....##. .[.. #. +## ##


You could see an orc.

Vanquished Creatures
  2 phantoms
  A jelly (D:4)
  An orc priest (D:4)
  3 gnolls (D:3)
  2 adders (D:2)
  A worm (D:2)
  5 dart slugs
  14 orcs
  6 ball pythons
  3 endoplasms (D:1)
  2 giant cockroaches (D:1)
  4 goblins
  5 hobgoblins
  A jackal (D:1)
  13 kobolds
  2 quokkas (D:1)
  6 bats
  3 frilled lizards
  2 rats
  A butterfly (D:4)
77 creatures vanquished.

Notes
Turn   | Place    | Note
-------+----------+-------------------------------------------
     0 | D:1      | qw the Deep Elf Hunter began the quest for the Orb.
     0 | D:1      | Reached XP level 1. HP: 12/12 MP: 3/3
     0 | D:1      | 0 ||| qw: Version: 0.3-a-9-g12657ce
     0 | D:1      | 0 ||| qw: Game counter: 2642
     0 | D:1      | 0 ||| qw: Always use a shield: true
     0 | D:1      | 0 ||| qw: God list: Okawaru
     0 | D:1      | 0 ||| qw: Allow faded altars: false
     0 | D:1      | 0 ||| qw: Do Orc after D:15 true
     0 | D:1      | 0 ||| qw: Do second Lair branch before Depths: true
     0 | D:1      | 0 ||| qw: Lair rune preference: random
     0 | D:1      | 0 ||| qw: Plans: Normal
     0 | D:1      | 0 ||| PLANNING D:1-11
   118 | D:1      | Reached XP level 2. HP: 16/16 MP: 4/4
   124 | D:1      | Reached skill level 6 in Ranged Weapons
   128 | D:1      | 128 ||| FLEEEEING.
   314 | D:1      | Reached XP level 3. HP: 20/20 MP: 5/5
   443 | D:1      | 443 ||| READING 2 scrolls labelled PUUMENU XAABBINK.
   444 | D:1      | 444 ||| READING scroll labelled ZEQ JAREPHAODGH.
   445 | D:1      | 445 ||| READING scroll labelled XUGUYH VUCHUP.
   446 | D:1      | 446 ||| DROPPING scroll of butterflies.
   496 | D:2      | 496 ||| FLEEEEING.
   497 | D:2      | 497 ||| FLEEEEING.
   498 | D:2      | 498 ||| FLEEEEING.
   644 | D:2      | Reached skill level 7 in Ranged Weapons
   799 | D:2      | Reached XP level 4. HP: 18/25 MP: 6/6
   937 | D:2      | 937 ||| UPGRADING to +0 pair of boots.
   942 | D:2      | 942 ||| UPGRADING to +0 cloak.
   947 | D:2      | 947 ||| READING scroll labelled OTHOURPH SUOGHASTYT.
   948 | D:2      | 948 ||| READING scroll labelled KYADEU ZUGILUO.
   949 | D:2      | 949 ||| READING 3 scrolls labelled CAUMEK GEXON.
   992 | D:2      | 992 ||| READING scroll labelled OXTUER UBAYTEA.
   995 | D:2      | 995 ||| READING scroll labelled BUILAS UQEAFUB.
   996 | D:2      | 996 ||| DRINKING 2 murky dark potions.
   997 | D:2      | 997 ||| DRINKING 2 clear potions.
   998 | D:2      | 998 ||| READING 2 scrolls of identify.
   998 | D:2      | 998 ||| IDENTIFYING viscous dark potion
   999 | D:2      | 999 ||| DROPPING potion of invisibility.
  1000 | D:2      | 1000 ||| DROPPING 2 scrolls of torment.
  1076 | D:3      | 1076 ||| FLEEEEING.
  1077 | D:3      | 1077 ||| FLEEEEING.
  1078 | D:3      | 1078 ||| FLEEEEING.
  1079 | D:3      | 1079 ||| FLEEEEING.
  1080 | D:3      | 1080 ||| FLEEEEING.
  1081 | D:3      | 1081 ||| FLEEEEING.
  1083 | D:3      | 1083 ||| FLEEEEING.
  1084 | D:3      | 1084 ||| FLEEEEING.
  1085 | D:3      | 1085 ||| FLEEEEING.
  1086 | D:3      | 1086 ||| FLEEEEING.
  1087 | D:3      | 1087 ||| FLEEEEING.
  1088 | D:3      | 1088 ||| FLEEEEING.
  1089 | D:3      | 1089 ||| FLEEEEING.
  1090 | D:3      | 1090 ||| FLEEEEING.
  1145 | D:3      | 1145 ||| FLEEEEING.
  1149 | D:3      | 1149 ||| FLEEEEING.
  1210 | D:3      | Reached skill level 8 in Ranged Weapons
  1401 | D:3      | Found a stormy altar of Qazlal.
  1530 | D:3      | Noticed a phantom
  1545 | D:3      | Killed a phantom
  1546 | D:3      | Reached skill level 9 in Ranged Weapons
  1546 | D:3      | Reached XP level 5. HP: 12/29 MP: 7/7
  1719 | D:3      | Found a faded altar of an unknown god.
  1723 | D:3      | Found an ornate altar of the Wu Jian Council.
  1890 | D:3      | 1890 ||| UPGRADING to +0 ring mail.
  1900 | D:3      | 1900 ||| DROPPING +0 leather armour.
  1901 | D:3      | 1901 ||| READING scroll labelled XEOCYU WIQEFEN.
  1902 | D:3      | 1902 ||| READING 2 scrolls of identify.
  1902 | D:3      | 1902 ||| IDENTIFYING silvery potion
  1903 | D:3      | 1903 ||| DROPPING potion of magic.
  1950 | D:4      | Found a staircase to the Ecumenical Temple.
  1950 | D:4      | Found Qekywoig's Assorted Antiques.
  1951 | D:4      | 1951 ||| PLANNING TEMPLE
  1957 | Temple   | Entered the Ecumenical Temple
  2153 | Temple   | 2153 ||| PLANNING D:1-11
  2172 | D:4      | Found Citag's Assorted Antiques.
  2175 | D:4      | 2175 ||| STAIRDANCE
  2182 | D:4      | 2182 ||| BUYING red potion (22 gold).
  2182 | D:4      | Bought a red potion for 22 gold pieces
  2182 | D:4      | 2182 ||| BUYING red potion (22 gold).
  2182 | D:4      | Bought a red potion for 22 gold pieces
  2182 | D:4      | 2182 ||| BUYING scroll labelled HOAWINUIXEO (25 gold).
  2182 | D:4      | Bought a scroll labelled HOAWINUIXEO for 25 gold pieces
  2182 | D:4      | 2182 ||| BUYING scroll of teleportation (75 gold).
  2182 | D:4      | Bought a scroll of teleportation for 75 gold pieces
  2182 | D:4      | 2182 ||| SHOPLISTING viscous yellow potion (22 gold, have
                  | 7).
  2188 | D:4      | 2188 ||| SHOPLISTING 2 brown potions (57 gold, have 7).
  2188 | D:4      | 2188 ||| SHOPLISTING brown potion (28 gold, have 7).
  2188 | D:4      | 2188 ||| SHOPLISTING lumpy purple potion (28 gold, have 7).
  2188 | D:4      | 2188 ||| SHOPLISTING scroll of identify (64 gold, have 7).
  2462 | D:4      | 2462 ||| READING scroll labelled HOAWINUIXEO.
  2463 | D:4      | 2463 ||| DRINKING 2 red potions.
  2464 | D:4      | 2464 ||| READING 3 scrolls of identify.
  2464 | D:4      | 2464 ||| IDENTIFYING lumpy purple potion
  2465 | D:4      | 2465 ||| READING 2 scrolls of identify.
  2465 | D:4      | 2465 ||| IDENTIFYING murky white potion
  2466 | D:4      | 2466 ||| DROPPING potion of brilliance.
  2468 | D:4      | 2468 ||| Stepping ~*~*~tactically~*~*~ (cloud).
  2475 | D:4      | HP: 3/30 [orc priest/divine providence (11)]
  2475 | D:4      | Noticed a phantom
  2476 | D:4      | 2476 ||| READING scroll of teleportation.
  2477 | D:4      | 2477 ||| DRINKING potion of heal wounds.
  2640 | D:4      | Killed a phantom
  2641 | D:4      | Reached skill level 1 in Armour
  2641 | D:4      | Reached XP level 6. HP: 16/36 MP: 8/8
  2648 | D:4      | HP: 2/36 [acid (8)]
  2649 | D:4      | Slain by an orc

Levels and vault maps discovered:
D:1:      wander_arrival_peaceful_grave, layout_rooms, minmay_close_crescents
D:2:      layout_basic, chequers_serial_rivers_micro_d, grunt_ministairs_15
D:3:      layout_basic, nicolae_overflow_ecumenical_swirl,
          mainiacjoe_overflow_surrounded_room
D:4:      layout_basic, nicolae_overflow_hidden_temple, lemuel_doored_altar,
          minmay_temple_entry_butterflies, serial_shops,
          nicolae_shop_just_a_little_nook, shop, nicolae_the_louvre,
          uniq_blork_the_orc
Temple:   eino_narrow_crystal_temple

Skill      XL: |  1  2  3  4  5 |
---------------+----------------+-----
Ranged Weapons | 6 7 9 |  9.0
Fighting       | 2 |  2.3
Armour         | 1 |  1.5
Dodging        | |  2.5
Stealth        | |  1.2

Action                     |  1- 3 |  4- 6 || total
---------------------------+-------+-------++-------
   Fire: Shortbow          |   114 |   129 ||   243
    Use: Scroll            |     3 |    12 ||    15
         Potion            |       |     4 ||     4
 Armour: Leather armour    |    12 |     6 ||    18
         Ring mail         |       |    13 ||    13
  Dodge: Dodged            |    36 |    41 ||    77

Table legend:
 A = Non-vault XP
 B = Vault XP
 C = Vault XP percentage of total XP
 D = Non-vault monster count
 E = Vault monster count
 F = Vault count percentage of total count
                 A         B        C        D         E       F
            +---------+---------+-------+---------+---------+-------
      Total |     491 |      19 |   3.7 |      67 |       9 |  11.8
            +---------+---------+-------+---------+---------+-------
        D:1 |      33 |      14 |  29.8 |      18 |       7 |  28.0
        D:2 |      47 |       5 |   9.6 |      13 |       2 |  13.3
        D:3 |     186 |       0 |   0.0 |      22 |       0 |   0.0
        D:4 |     225 |       0 |   0.0 |      14 |       0 |   0.0
            +---------+---------+-------+---------+---------+-------
